AoeStats
← falcon_br

African Clearing

510389804Analyzed
4v4 RM · 17h ago on Sep 30, 2026· 58m 9s· 8 players
Game mode
Random Map
Map size
Large (8 player)
Population
200
Speed
Normal
Resources
Standard
Victory
Conquest
Starting age
Dark Age
Ending age
Imperial Age
RankedLock teamsTeams togetherTeam positionsShared explorationLock speedFull tech treeHidden civsTurbo modeCheats
Victory
Defeat
🇧🇷 Vietnamese · Brazil
1356
+12
🇺🇸 Mongols · United States
1335
+12
🇧🇷 Dravidians · Brazil
1237
+16
🇧🇷 Persians · Brazil
1096
+23
🇩🇪 Tatars · Germany
1298
-18
🇵🇱 Vietnamese · Poland
1237
-15
🇯🇵 Bulgarians · Japan
1229
-15
🇩🇰 Huns · Denmark
1227
-15
IlikeStone
13:27 Loom
16:05 Feudal Age
17:07 Double-Bit Axe
20:07 Castle Age
18:04 Stone Mining
18:09 Gold Mining
21:48 Wheelbarrow
21:25 Bow Saw
21:00 Horse Collar
23:35 Stone Shaft Mining
23:21 Hand Cart
27:59 Heavy Plow
32:43 Fletching
32:53 Padded Archer Armor
33:58 Bodkin Arrow
34:18 Leather Archer Armor
38:04 Imperial Age
35:31 Pikeman
36:12 Squires
37:10 Forging
37:00 Scale Mail Armor
37:38 Ballistics
37:29 Fortified Wall
38:52 Iron Casting
38:33 Chain Mail Armor
38:44 Thumb Ring
39:16 Elite Rattan Archer
39:34 Halberdier
42:23 Hoardings
42:45 Paper Money
42:54 Elite Fire Lancer
43:36 Bracer
44:06 Ring Archer Armor
44:07 Plate Mail Armor
59:31 Chemistry
crips n blyats
6:16 Loom
10:14 Loom
12:23 Feudal Age
14:26 Double-Bit Axe
18:04 Castle Age
16:55 Bloodlines
18:08 Gold Mining
19:42 Bow Saw
19:40 Fletching
23:51 Bodkin Arrow
24:08 Horse Collar
24:46 Husbandry
29:20 Ballistics
29:52 Padded Archer Armor
31:33 Wheelbarrow
31:34 Gold Shaft Mining
30:52 Stone Mining
4♚Dreams
6:53 Loom
16:24 Feudal Age
16:57 Double-Bit Axe
23:56 Fletching
32:55 Gold Mining
33:46 Horse Collar
35:46 Wheelbarrow
37:42 Padded Archer Armor
40:26 Castle Age
43:34 Castle Age
42:03 Bloodlines
46:09 Castle Age
54:11 Castle Age
52:36 Scale Mail Armor
52:47 Forging
54:52 Bodkin Arrow
55:12 Leather Archer Armor
KJI
3:56 Loom
14:22 Feudal Age
18:28 Castle Age
17:31 Scale Mail Armor
19:52 Pikeman
22:51 Chain Mail Armor
23:15 Wheelbarrow
27:14 Fletching
28:53 Double-Bit Axe
31:06 Bodkin Arrow
32:16 Forging
33:29 Iron Casting
MineirodeOuro
12:21 Feudal Age
14:06 Loom
16:28 Castle Age
14:25 Double-Bit Axe
15:42 Fletching
16:48 Gold Mining
20:57 Padded Archer Armor
21:49 Bodkin Arrow
26:57 Wheelbarrow
26:23 Horse Collar
29:30 Stone Mining
33:43 Imperial Age
32:19 Leather Archer Armor
32:47 Bow Saw
34:38 Bracer
36:01 Conscription
36:30 Hand Cart
36:24 Town Watch
37:17 Ballistics
37:17 Stone Mining
38:04 Gold Shaft Mining
38:44 Scale Barding Armor
39:47 Chain Barding Armor
39:38 Forging
39:57 Heavy Plow
40:29 Bloodlines
40:20 Husbandry
41:58 Iron Casting
40:45 Light Cavalry
41:29 Hussar
44:18 Chemistry
42:50 Elite Mangudai
43:56 Town Patrol
46:16 Blast Furnace
47:35 Drill
48:36 Parthian Tactics
47:57 Capped Ram
49:20 Thumb Ring
53:51 Siege Ram
55:36 Masonry
[LCDR]Zuru
11:20 Loom
13:52 Feudal Age
14:53 Double-Bit Axe
17:48 Castle Age
18:40 Fletching
20:20 Bodkin Arrow
35:55 Padded Archer Armor
36:13 Horse Collar
39:13 Leather Archer Armor
43:34 Wheelbarrow
46:39 Imperial Age
44:54 Heavy Plow
45:07 Bow Saw
45:31 Town Watch
47:20 Forging
47:11 Scale Mail Armor
47:38 Hand Cart
48:25 Two-Man Saw
47:57 Crop Rotation
48:39 Bracer
49:09 Ring Archer Armor
48:50 Elite Skirmisher
50:34 Bloodlines
50:24 Husbandry
50:08 Imperial Skirmisher
51:22 Town Patrol
51:50 Gold Mining
51:50 Stone Mining
52:25 Ballistics
51:45 Light Cavalry
52:25 Husbandry
53:02 Caravan
53:32 Coinage
53:56 Husbandry
55:27 Chemistry
56:05 Ring Archer Armor
56:46 Iron Casting
56:16 Scale Barding Armor
57:22 Banking
57:03 Guilds
57:34 Stone Shaft Mining
57:12 Masonry
57:23 Bombard Tower
57:08 Siege Engineers
58:22 Fortified Wall
58:14 Scale Mail Armor
57:37 Elite Battle Elephant
58:33 Thumb Ring
BRAZILBIKINI
3:28 Loom
15:35 Feudal Age
22:57 Scale Barding Armor
25:51 Castle Age
23:48 Gold Mining
24:29 Forging
26:20 Light Cavalry
32:08 Husbandry
36:16 Chain Barding Armor
42:10 Wheelbarrow
41:36 Horse Collar
45:45 Imperial Age
43:33 Scale Mail Armor
45:18 Chain Mail Armor
45:49 Heavy Plow
45:41 Double-Bit Axe
46:50 Conscription
46:39 Squires
46:50 Arson
48:21 Plate Mail Armor
49:47 Bow Saw
50:28 Iron Casting
49:58 Elite Urumi Swordsman
53:13 Stone Mining
54:42 Siege Elephant
56:41 Blast Furnace
falcon_br
8:37 Loom
10:48 Feudal Age
11:33 Double-Bit Axe
18:18 Scale Barding Armor
19:40 Bloodlines
21:06 Fletching
24:52 Castle Age
23:47 Horse Collar
24:19 Forging
25:25 Wheelbarrow
26:09 Husbandry
27:53 Chain Barding Armor
28:29 Padded Archer Armor
33:53 Hand Cart
42:33 Imperial Age
42:02 Iron Casting
42:13 Cavalier
43:40 Plate Barding Armor
44:06 Blast Furnace
43:28 Gold Mining
43:41 Heavy Plow
43:54 Bow Saw
44:28 Murder Holes
45:45 Conscription
44:58 Savar
46:38 Masonry
47:29 Gold Shaft Mining
46:47 Stone Mining
46:44 Town Watch
Connection lost

Rejoining the realm…

Still unreachable

The connection could not be restored.

Session expired

The server has moved on; the page needs a fresh start.